 Dungeon Sprint DCSS version 0.29.1-1-gd02db6906a (webtiles) character file.

Game seed: 5493847345837987194

135 Arandomuser85 the Covert (level 5, -2/55 HPs)
             Began as an Octopode Brigand on Oct 19, 2022.
             Slain by a wyvern (8 damage)
             ... in the Dungeon (Sprint II: "The Violet Keep of Menkaure").
             The game lasted 00:00:09 (8 turns).

Arandomuser85 the Covert (Octopode Brigand)            Turns: 8, Time: 00:00:09

Health: -2/55      AC:  1    Str: 10    XL:     5   Next: 18%
Magic:  5/5        EV: 14    Int: 13    God:
Gold:   0          SH:  0    Dex: 16    Spells: 4/4 levels left

rFire   . . .      SeeInvis .   a - +2 dagger
rCold   . . .      Faith    .   (no shield)
rNeg    . . .      Spirit   .   (helmet restricted)
rPois   .          Reflect  .   (no amulet)
rElec   .          Harm     .   (no ring)
rCorr   .          Rampage  .   (no ring)
Will    .....      NoTele   +   (no ring)
Stlth   ..........              (no ring)
HPRegen 0.18/turn               (no ring)
MPRegen 0.09/turn               (no ring)
                                (no ring)
                                (no ring)

@: berserking, very quick
A: almost no armour, amphibious, 8 rings, camouflage 1, gelatinous body 1,
(nimble swimmer 1), tentacles
a: no special abilities


You were in the Dungeon.
You visited 1 branch

Inventory:

Hand Weapons
 a - a +2 dagger (weapon)
Missiles
 b - 9 poisoned darts (quivered)
 c - 3 curare-tipped darts
Scrolls
 i - a scroll of blinking
Potions
 d - a potion of curing
 e - a potion of heal wounds
 f - a potion of haste
 g - 2 potions of magic


   Skills:
 * Level 3.7 Fighting
 * Level 3.7 Short Blades
 - Level 2.0 Throwing
 * Level 3.3 Dodging
 * Level 12.5 Stealth


You had 4 spell levels left.
You didn't know any spells.
Your spell library was empty.

Dungeon Overview and Level Annotations

Branches:
Dungeon (1/1)

Altars:


Innate Abilities, Weirdness & Mutations

You cannot wear most types of armour.
You are amphibious.
You can wear up to eight rings at the same time.
Your skin changes colour to match your surroundings (Stealth+).
Your rubbery body absorbs attacks. (AC +1, EV +1)
((You are camouflaged when in or above water. (Stealth+)))
You have tentacles for arms and can constrict up to eight enemies at once.


Message History

Welcome, Arandomuser85 the Octopode Brigand.
Press ? for a list of commands and other information.
Found a staircase leading out of the dungeon.
You open the door. 4 scorpions come into view.
You close the door.
You open the door. 2 wyverns come into view.
The wyvern hisses angrily. x2
Found 243 gold pieces.
A red film seems to cover your vision as you go berserk!
You feel yourself moving faster!
You feel mighty! The wyvern closely misses you.
You puncture the wyvern!
The wyvern is moderately wounded.
The wyvern bites you!!
Ouch! That really hurt!
* * * LOW HITPOINT WARNING * * *
You puncture the wyvern! You squeeze the wyvern.
You kill the wyvern!
Your Fighting skill increases to level 3!
Your Short Blades skill increases to level 3!
Your Dodging skill gained 2 levels and is now at level 3!
Your Stealth skill gained 7 levels and is now at level 12!
You have reached level 2!
You have reached level 3!
Your experience leads to an increase in your attributes!
Increase (S)trength, (I)ntelligence, or (D)exterity?
You feel agile. x2
You have reached level 4!
You have reached level 5!
You feel agile.
You completely miss the wyvern. The wyvern bites you!
You die...

# #+#
.#
##.##.#
+.<@l#
##.##$#
#+# .#
.#. #
ss ss
### ###


You could see a wyvern.

Vanquished Creatures
  A wyvern (D)
1 creature vanquished.

Notes
Turn   | Place    | Note
-------+----------+-------------------------------------------
     0 | D        | Arandomuser85 the Octopode Brigand began the quest for the
                  | Orb.
     0 | D        | Reached XP level 1. HP: 14/14 MP: 1/1
     1 | D        | Noticed a scorpion
     1 | D        | Noticed a scorpion
     1 | D        | Noticed a scorpion
     1 | D        | Noticed a scorpion
     4 | D        | Noticed a wyvern
     4 | D        | Noticed a wyvern
     7 | D        | Killed a wyvern
     8 | D        | Reached skill level 12 in Stealth
     8 | D        | Reached XP level 2. HP: 3/22 MP: 2/2
     8 | D        | Reached XP level 3. HP: 4/27 MP: 3/3
     8 | D        | Reached XP level 4. HP: 5/33 MP: 4/4
     8 | D        | Reached XP level 5. HP: 6/37 MP: 5/5
     8 | D        | Slain by a wyvern

Illustrated notes

Levels and vault maps discovered:
D:        the_violet_keep_of_menkaure [sprint2_stairs_cluster_1,
          sprint2_shoproom, sprint2_temple, sprint2_basic_supplies,
          sprint2_obstacle_1, sprint2_obstacle_7, sprint2_obstacle_2,
          sprint2_obstacle_5, sprint2_obstacle_3, sprint2_timed_cluster_1,
          sprint2_smallroom_cluster_1, sprint2_smallroom_final_cluster_1,
          sprint2_transparent_cluster_1, sprint2_second_timed_cluster_1,
          sprint2_sniper_area_1, sprint2_heavy_combat_area_1,
          sprint2_mutation_trap_area_1, sprint2_forest_area_1,
          sprint2_light_combat_area_1, sprint2_behind_water_1,
          sprint2_near_end_vault_1]

Skill      XL: |  1 |
---------------+----+-----
Fighting       | 3 |  3.7
Short Blades   | 3 |  3.7
Dodging        | 3 |  3.3
Stealth        | 12 | 12.5
Throwing       | |  2.0

Action                   |  1- 3 |  4- 6 || total
-------------------------+-------+-------++-------
Melee: Dagger            |     2 |     1 ||     3
       Tentacles         |     1 |       ||     1
  Use: Potion            |     1 |       ||     1
Dodge: Dodged            |     1 |       ||     1
